 Dungeon Crawl Stone Soup version 0.24-a0-447-ge8da9206dc (webtiles) character file.

Game seed: 1855408177621919698

262 OCTOBOI the Changer (level 6, -1/38 HPs)
             Began as an Octopode Transmuter on June 25, 2019.
             Slain by Sigmund
             ... wielding a +4 scythe of pain
              (14 damage)
             ... on level 4 of the Dungeon.
             The game lasted 00:17:03 (4382 turns).

OCTOBOI the Changer (Octopode Transmuter)           Turns: 4382, Time: 00:17:04

Health: -1/38      AC:  1    Str: 11    XL:     6   Next: 18%
Magic:  11/11      EV: 13    Int: 16    God:
Gold:   112        SH:  0    Dex: 12    Spells: 1/11 levels left

rFire    . . .     SeeInvis .     - Unarmed
rCold    . . .     Gourm    .   (no shield)
rNeg     . . .     Faith    .   (helmet restricted)
rPois    .         Spirit   .   (no amulet)
rElec    .         Reflect  .   (no ring)
rCorr    .         Harm     .   (no ring)
MR       .....                  (no ring)
Stlth    ++........             (no ring)
HPRegen  0.12/turn              (no ring)
MPRegen  0.12/turn              (no ring)
                                (no ring)
                                (no ring)

@: confused
A: almost no armour, stealthy swim, amphibious, 8 rings, constrict 8, camouflage
1, gelatinous body 1
a: no special abilities


You were on level 4 of the Dungeon.
You were not hungry.

You visited 1 branch of the dungeon, and saw 4 of its levels.

You collected 112 gold pieces.

Inventory:

Missiles
 a - 67 arrows
 b - 172 stones (quivered)
 g - 45 poisoned darts
 i - 4 curare-tipped darts
 r - 25 sling bullets
Jewellery
 q - an uncursed amulet of magic regeneration {unknown}
Scrolls
 d - a scroll of teleportation
 e - 3 scrolls of remove curse
 j - a scroll of blinking
Potions
 f - a potion of haste
 h - 2 potions of lignification
 k - 3 potions of flight
 u - a potion of curing {unknown}
Comestibles
 c - 8 rations


   Skills:
 - Level 1.0 Fighting
 - Level 2.0 Dodging
 - Level 3.0 Unarmed Combat
 + Level 3.3 Spellcasting
 + Level 4.7 Transmutations
 + Level 1.3 Ice Magic
 - Level 2.1 Poison Magic


You had one spell level left.
You knew the following spells:

 Your Spells              Type           Power        Failure   Level  Hunger
a - Beastly Appendage     Tmut           ###...       2%          1    None
b - Sticks to Snakes      Tmut           ###.....     3%          2    ##.....
c - Spider Form           Tmut/Pois      ##........   13%         3    ###....
d - Ice Form              Ice/Tmut       ##......     45%         4    ####...

Your spell library contained the following spells:

 Spells                   Type           Power        Failure   Level  Hunger
 Blade Hands              Tmut           ###.......   56%         5    ######.


Dungeon Overview and Level Annotations

Branches:
Dungeon (4/15)             Temple (0/1) D:4

Altars:
Dithmenos
Ru

Annotations:
D:4 Sigmund


Innate Abilities, Weirdness & Mutations

You cannot wear most types of armour.
You are very stealthy in the water. (Stealth+)
You are amphibious.
You can wear up to eight rings at the same time.
You can use your tentacles to constrict eight enemies at once.
Your skin changes colour to match your surroundings (Stealth+).
Your rubbery body absorbs attacks. (AC +1, EV +1)


Message History

Found a scroll of blinking.
d - a scroll of teleportation
Found a scroll of remove curse.
Found a stone staircase leading up.
j - a scroll of blinking
e - 3 scrolls of remove curse (gained 1) Sigmund the Dreaded comes into view.
He is wielding a +4 scythe of pain.
Sigmund shouts!
Found 14 gold pieces.
Sigmund points at you and mumbles some strange words.
You are confused.
You bump into the rock wall.
Okay, then.
You bump into the rock wall.
Sigmund hits you from afar with a +4 scythe of pain!
You writhe in agony.
You're too confused!
Okay, then.
You bump into the rock wall.
Sigmund hits you from afar with a +4 scythe of pain!
You die...

*,*,,,,,,,,,*,,,,,,,,**
*,...........,**,******
**#..⌠$..⌠..#***,******
###.........####.*,,,,,
#......>......#...,,,,*
#.#.........#....*,**,,
***##.#..⌠...⌠..#.#..*,**,*
*,,...............#..,,,,**
*,****#.@.@.....###.#****,,
#.#.####.##.##.##...#####.#
#.....)...÷....#**#........
*#......##<##..#####...#####
*#.......##.............#
*.........####..#.......#**
*#........,...............#
##.....#########.#.##..#.#
##...#**,,,,,*#.......#.#**


You could see Sigmund.

Vanquished Creatures
  A centaur (D:4)
  A centaur skeleton (D:3)
  7 adders
  An ooze (D:3)
  4 worms
  2 dart slugs (D:1)
  5 orcs (D:3)
  5 bats
  3 giant cockroaches
  4 goblins
  11 hobgoblins
  5 jackals
  8 kobolds
  2 quokkas
  4 frilled lizards
  17 rats
80 creatures vanquished.

Notes
Turn   | Place    | Note
-------+----------+-------------------------------------------
     0 | D:1      | OCTOBOI the Octopode Transmuter began the quest for the
                  | Orb.
     0 | D:1      | Reached XP level 1. HP: 13/13 MP: 3/3
   510 | D:1      | Reached XP level 2. HP: 18/18 MP: 1/5
   688 | D:1      | Reached skill level 3 in Transmutations
   821 | D:1      | Reached XP level 3. HP: 23/23 MP: 4/6
  1265 | D:2      | Found a shadowy altar of Dithmenos.
  1276 | D:2      | Found a sacrificial altar of Ru.
  1292 | D:2      | Learned a level 2 spell: Sticks to Snakes
  1296 | D:2      | Learned a level 3 spell: Spider Form
  1539 | D:2      | Reached skill level 1 in Poison Magic
  1729 | D:2      | Reached XP level 4. HP: 21/28 MP: 5/7
  2086 | D:2      | Reached skill level 4 in Transmutations
  3013 | D:3      | Reached XP level 5. HP: 32/33 MP: 5/9
  3024 | D:3      | Learned a level 4 spell: Ice Form
  4067 | D:4      | Noticed a centaur
  4071 | D:4      | Found a staircase to the Ecumenical Temple.
  4082 | D:4      | Killed a centaur
  4082 | D:4      | Reached skill level 1 in Ice Magic
  4082 | D:4      | Reached XP level 6. HP: 8/38 MP: 9/11
  4376 | D:4      | Noticed Sigmund
  4382 | D:4      | Slain by Sigmund

Levels and vault maps discovered:
D:1:      minmay_arrival_shattered_statue, layout_loops_corners
D:2:      layout_rooms, grunt_dithmenos_smoke_and_mirrors, lemuel_crystal_altar
D:3:      minmay_inner_zag, layout_basic, first_ration
D:4:      layout_loops_cross, kennysheep_mini, minmay_temple_entry_large_hall,
          uniq_sigmund

Skill      XL: |  1  2  3  4  5 |
---------------+----------------+-----
Transmutations | 3 4 |  4.7
Poison Magic   | 1 2 |  2.1
Spellcasting   | 3 |  3.3
Ice Magic      | 1 |  1.3
Fighting       | |  1.0
Dodging        | |  2.0
Unarmed Combat | |  3.0

Action                   |  1- 3 |  4- 6 || total
-------------------------+-------+-------++-------
Melee: Unarmed           |    73 |   106 ||   179
       Constrict         |    22 |    27 ||    49
       Tentacles         |     6 |    18 ||    24
       Punch             |     1 |     3 ||     4
       Kick              |    11 |    28 ||    39
Throw: Stone             |    41 |    81 ||   122
 Cast: Beastly Appendage |    20 |    21 ||    41
       Spider Form       |     2 |       ||     2
       Sticks to Snakes  |     1 |     4 ||     5
  Use: Scroll            |       |    11 ||    11
 Stab: Sleeping          |     5 |     4 ||     9
       Distracted        |       |     2 ||     2
  Eat: Chunk             |     3 |     9 ||    12
Armor: Skin              |     5 |     2 ||     7
Dodge: Dodged            |    40 |    49 ||    89

Table legend:
 A = Non-vault XP
 B = Vault XP
 C = Vault XP percentage of total XP
 D = Non-vault monster count
 E = Vault monster count
 F = Vault count percentage of total count
                 A         B        C        D         E       F
            +---------+---------+-------+---------+---------+-------
      Total |     368 |       7 |   1.9 |      75 |       5 |   6.2
            +---------+---------+-------+---------+---------+-------
        D:1 |      40 |       0 |   0.0 |      22 |       0 |   0.0
        D:2 |      92 |       0 |   0.0 |      23 |       0 |   0.0
        D:3 |     111 |       7 |   5.9 |      28 |       5 |  15.2
        D:4 |     125 |       0 |   0.0 |       2 |       0 |   0.0
            +---------+---------+-------+---------+---------+-------
